 Dungeon Crawl Stone Soup version 0.23.2-40-g277498a (webtiles) character file.

Game seed: 9738990202356343410

352 Fang the Skirmisher (level 6, -1/58 HPs)
             Began as a Gargoyle Berserker on Oct 18, 2019.
             Was a Priest of Trog.
             Killed by divine providence
             ... invoked by an orc priest
              (10 damage)
             ... on level 4 of the Dungeon.
             The game lasted 00:03:49 (2691 turns).

Fang the Skirmisher (Gargoyle Berserker)            Turns: 2691, Time: 00:03:49

Health: -1/58      AC:  8    Str: 28    XL:     6   Next: 61%
Magic:  6/6        EV: 13    Int:  7    God:    Trog [***...]
Gold:   161        SH:  0    Dex:  9    Spells: 5/5 levels left

rFire    . . .     SeeInvis .   a - +0 hand axe
rCold    . . .     Gourm    .   (no shield)
rNeg     + . .     Faith    .   b - +0 animal skin
rPois    ∞         Spirit   .   m - +1 helmet
rElec    +         Reflect  .   (no cloak)
rCorr    .         Harm     .   (no gloves)
MR       .....                  (no boots)
Stlth    ..........             (no amulet)
HPRegen  0.19/turn              (no ring)
MPRegen  0.10/turn              (no ring)

@: berserking (expiring), very quick
A: negative energy resistance 1, electricity resistance, unbreathing,
petrification resistance, rot immunity, AC +4
a: Berserk, Trog's Hand, Renounce Religion


You were on level 4 of the Dungeon.
You worshipped Trog.
Trog was most pleased with you.
You were near starving.

You visited 1 branch of the dungeon, and saw 4 of its levels.

You collected 161 gold pieces.

Inventory:

Hand Weapons
 a - a +0 hand axe (weapon)
Armour
 b - a +0 animal skin (worn)
 m - a +1 helmet (worn)
Scrolls
 d - 2 scrolls of amnesia {unknown}
 e - a scroll of teleportation {unknown}
 i - 4 scrolls of identify {unknown}
 k - 2 scrolls of remove curse {unknown}
 s - a scroll of immolation {unknown}
 u - a scroll of blinking {unknown}
Potions
 f - a potion of heal wounds {unknown}
 h - a potion of degeneration {unknown}
 j - a potion of brilliance {unknown}
 l - 5 potions of lignification {unknown}
 n - 2 potions of haste {unknown}
 o - 2 potions of mutation {unknown}
 p - 2 potions of curing {unknown}
 q - a potion of berserk rage {unknown}
 r - a potion of cancellation {unknown}
 t - 2 potions of ambrosia {unknown}
Comestibles
 c - 7 rations


   Skills:
 + Level 4.7 Fighting
 + Level 4.0 Axes
 + Level 4.1 Armour
 + Level 3.1 Dodging


You had 5 spell levels left.
You didn't know any spells.
Your spell library was empty.

Dungeon Overview and Level Annotations

Branches:
Dungeon (4/15)
 Temple: D:4-7

Altars:
Ru


Innate Abilities, Weirdness & Mutations

You are resistant to torment.
Your stone body is resilient. (AC +4)
You are immune to poison.
You resist negative energy. (rN+)
You are resistant to electric shocks. (rElec)
You can survive without breathing.
You are immune to petrification.
You are immune to rotting.


Message History

The orc priest is severely wounded.
You slash the phantom! The orc priest barely misses you.
You closely miss the orc priest.
The orc priest is severely wounded.
You barely miss the phantom.
The phantom hits you but does no damage.
The orc priest hits you but does no damage.
You slash the orc priest!
You kill the orc priest!
Trog accepts your kill.
You hit the phantom.
The phantom hits you but does no damage.
The orc priest completely misses you.
You see here an orc corpse.
You slash the orc priest!
The orc priest is severely wounded.
You slash the phantom!
The orc priest invokes the aid of Beogh against you.
Beogh smites you!
You die...

#..........#.##....####
#####......#+##.......#
#.................#
#######............
######............
#....'............
#.####...)........ #W#
#......##.... #@#
#......##.... #o#
#......###### #o#
#.........# #.#
#.........# #.#
#######...### #.#
#...##. #.# #...##. #.#
########...##.
#..........##.


You could see a phantom, an orc priest and an orc.

Vanquished Creatures
  An orc priest (D:4)
  2 orc wizards (D:4)
  Natasha (thrice) (D:4)
  A worker ant (D:4)
  8 adders
  An ooze (D:3)
  2 worms (D:3)
  3 dart slugs
  3 leopard geckos
  7 orcs
  5 bats
  7 giant cockroaches
  8 goblins
  4 hobgoblins
  7 jackals
  A quokka (D:4)
  A ball python (D:1)
  A frilled lizard (D:3)
  7 kobolds
  9 rats
81 creatures vanquished.

Notes
Turn   | Place    | Note
-------+----------+-------------------------------------------
     0 | D:1      | Fang the Gargoyle Berserker began the quest for the Orb.
     0 | D:1      | Reached XP level 1. HP: 14/14 MP: 1/1
    29 | D:1      | Reached XP level 2. HP: 12/19 MP: 2/2
   386 | D:1      | Reached ** piety under Trog
   386 | D:1      | Reached XP level 3. HP: 11/23 MP: 3/3
  1305 | D:2      | Found a sacrificial altar of Ru.
  1472 | D:3      | Reached XP level 4. HP: 29/29 MP: 4/4
  1780 | D:3      | Reached XP level 5. HP: 26/33 MP: 5/5
  2152 | D:4      | Noticed Natasha
  2156 | D:4      | Reached *** piety under Trog
  2163 | D:4      | Killed Natasha
  2174 | D:4      | Reached XP level 6. HP: 27/39 MP: 6/6
  2179 | D:4      | Noticed Natasha
  2201 | D:4      | Killed Natasha
  2291 | D:4      | Noticed Natasha
  2303 | D:4      | Killed Natasha
  2672 | D:4      | Noticed a phantom
  2691 | D:4      | Killed from afar by an orc priest

Skill      XL: |  1  2  3  4  5  6 |
---------------+-------------------+-----
Axes           | 3 4 |  4.0
Dodging        | 2 3 |  3.1
Armour         | 3 4 |  4.1
Fighting       | 4 |  4.7

Action                   |  1- 3 |  4- 6 || total
-------------------------+-------+-------++-------
Melee: Hand axe          |   116 |   187 ||   303
Invok: Berserk           |       |     2 ||     2
       Trog's Hand       |       |     1 ||     1
  Eat: Chunk             |     2 |     5 ||     7
Armor: Animal skin       |    40 |    75 ||   115
Dodge: Dodged            |    92 |   145 ||   237
